Rhode Island Whales vs Sarnia Sailors
Created - Wednesday, November 19, 2025 at 08:03
Goals
|
| Rhode Island Whales |
0 |
3 |
1 |
4 |
| Sarnia Sailors |
2 |
3 |
1 |
6 |
|
Shots
|
| Rhode Island Whales |
5 |
19 |
7 |
31 |
| Sarnia Sailors |
11 |
11 |
12 |
34 |
|
1st period
1. Sarnia Sailors , Jesse Puljujarvi 41 (Rory Kerins 53, Tyson Hinds 22) at 2:11
2. Sarnia Sailors , Rory Kerins 46 (Declan Chisholm 76) at 14:59
Penalties :
Nikolas Matinpalo (SAR) for Roughing (Minor) at 13:45, Emil Andrae (RIW) for Holding (Minor) at 14:12
2nd period
3. Sarnia Sailors , Rory Kerins 47 (Jesse Puljujarvi 56) at 1:24
4. Sarnia Sailors , Arthur Kaliyev 94 (Brad Lambert 116) at 1:36 (PP)
5. Rhode Island Whales , Ryder Rolston 39 (Frank Nazar 88, Artyom Levshunov 58) at 1:48
6. Sarnia Sailors , Jesse Puljujarvi 42 (Zachary L'Heureux 41, Jack Rathbone 10) at 3:56
7. Rhode Island Whales , Isak Rosen 53 (Cam Lund 61, Lukas Reichel 70) at 18:52 (PP)
8. Rhode Island Whales , Alex Newhook 49 (Frank Nazar 89) at 19:29
Penalties :
Artyom Levshunov (RIW) for Roughing (Minor) at 1:33, Zachary L'Heureux (SAR) for Fighting (Major) at 17:31, Ryder Rolston (RIW) for Fighting (Major) at 17:31, Tyson Hinds (SAR) for Fighting (Major) at 18:23, Oskar Olausson (RIW) for Fighting (Major) at 18:23, Tyson Hinds (SAR) for instigated a fight (Minor) at 18:23, Tyson Hinds (SAR) for instigated a fight (10 Minutes Misconduct) at 18:23
3rd period
9. Rhode Island Whales , Frank Nazar 53 (Alex Newhook 51, Jiri Kulich 63) at 4:36
10. Sarnia Sailors , Brad Lambert 67 (Arthur Kaliyev 105) at 11:23
Penalties :
Nate Danielson (SAR) for Interference (Minor) at 0:03, Jeremie Poirier (SAR) for Hooking (Minor) at 14:28, Nate Danielson (SAR) for Hooking (Minor) at 17:41
Goalie Stats
Cameron Whitehead (RIW), 28 saves from 34 shots - (0.824), L, 54-15-6, 60:00 minutes
Sebastian Cossa (SAR), 27 saves from 31 shots - (0.871), W, 52-15-2, 60:00 minutes
Players Stats for Rhode Island Whales
Player Name G A P +/- PIM S H SB GA TA FO MP PP MP PK MP
------------------------------------------------------------------------------------
0 0 0 0 0 0 0 0 0 0 0/0 0:00 0:00 0:00
Alex Newhook 1 1 2 1 0 4 4 1 1 0 0/0 19:19 3:17 0:16
Artyom Levshunov 0 1 1 0 2 2 2 3 0 0 0/0 25:41 3:41 0:05
Cam Lund 0 1 1 -1 0 3 2 2 0 1 5/14 19:07 3:29 0:00
Cross Hanas 0 0 0 0 0 0 0 0 0 0 0/0 2:25 0:00 0:00
Eduard Sale 0 0 0 0 0 0 0 0 0 0 0/2 7:17 0:00 0:00
Emil Andrae 0 0 0 1 2 1 0 1 1 0 0/0 18:24 3:11 0:00
Frank Nazar 1 2 3 1 0 4 3 2 1 0 14/34 24:50 3:17 0:16
Isak Rosen 1 0 1 -1 0 3 2 1 0 2 0/1 20:11 3:36 0:14
Jiri Kulich 0 1 1 2 0 4 2 1 1 0 0/3 19:10 3:17 0:14
Kevin Korchinski 0 0 0 -3 0 0 0 0 0 1 0/0 14:59 0:00 0:00
Lukas Reichel 0 1 1 -1 0 4 1 0 1 0 0/0 19:08 3:36 0:00
Luke Tuch 0 0 0 0 0 0 0 0 0 0 0/0 5:31 0:07 0:00
Oskar Olausson 0 0 0 -2 5 0 1 0 2 0 0/0 12:10 0:00 0:00
Owen Pickering 0 0 0 0 0 0 1 0 0 1 0/0 20:16 3:12 0:22
Pavel Mintyukov 0 0 0 0 0 3 1 1 0 3 0/0 25:53 3:41 0:08
Ryan O'Rourke 0 0 0 -2 0 0 0 0 0 0 0/0 14:53 0:00 0:25
Ryder Rolston 1 0 1 -2 5 3 1 0 0 0 3/5 15:58 0:00 0:00
Samuel Honzek 0 0 0 -2 0 0 2 0 0 0 1/1 12:42 0:00 0:00
Players Stats for Sarnia Sailors
Player Name G A P +/- PIM S H SB GA TA FO MP PP MP PK MP
------------------------------------------------------------------------------------
0 0 0 0 0 0 0 0 0 0 0/0 0:00 0:00 0:00
Adam Ginning 0 0 0 -1 0 1 1 1 0 3 0/0 19:33 0:22 2:59
Arthur Kaliyev 1 1 2 -1 0 6 0 2 1 1 1/1 17:46 0:03 0:07
Brad Lambert 1 1 2 -1 0 4 1 1 1 0 17/32 19:34 0:08 0:49
Cole Reinhardt 0 0 0 0 0 0 1 0 0 0 0/0 8:13 0:00 0:21
Declan Chisholm 0 1 1 3 0 1 2 3 0 0 0/0 28:59 0:08 2:44
Jack Rathbone 0 1 1 0 0 2 0 0 0 0 0/0 18:11 0:05 1:37
Jeremie Poirier 0 0 0 0 2 1 0 0 0 0 0/0 13:48 0:00 0:35
Jesse Puljujarvi 2 1 3 3 0 6 2 1 2 0 0/0 15:23 0:22 0:00
Landon Slaggert 0 0 0 -1 0 2 1 0 0 0 0/0 13:13 0:00 2:14
Logan Morrison 0 0 0 -1 0 1 0 0 1 0 2/5 14:24 0:00 2:28
Nate Danielson 0 0 0 -1 4 1 2 2 1 0 1/2 18:49 0:08 0:00
Nathan Gaucher 0 0 0 0 0 1 1 0 1 0 1/2 7:26 0:00 0:00
Nikolas Matinpalo 0 0 0 2 2 2 0 0 0 1 0/0 21:44 0:08 2:54
Rory Kerins 2 1 3 4 0 3 1 0 0 0 13/16 19:34 0:22 4:11
Skyler Brind'Amour 0 0 0 -1 0 1 2 0 0 0 0/0 15:17 0:00 4:18
Tristen Nielsen 0 0 0 0 0 0 0 0 1 1 0/0 7:26 0:00 0:00
Tyson Hinds 0 1 1 0 17 0 1 1 0 1 0/0 17:08 0:22 2:15
Zachary L'Heureux 0 1 1 4 5 2 3 1 0 0 2/2 15:01 0:22 0:00
3 Stars
1 - Rory Kerins (SAR)
2 - Jesse Puljujarvi (SAR)
3 - Frank Nazar (RIW)
Power Play
Rhode Island Whales - 1 on 5 Attempt(s) - 20.00%
Sarnia Sailors - 1 on 2 Attempt(s) - 50.00%
Penalty Kill
Rhode Island Whales - 1 on 2 Attempt(s) - 50.00%
- Score 0 goal in Penalty Kill
Sarnia Sailors - 4 on 5 Attempt(s) - 80.00%
- Score 0 goal in Penalty Kill
Team Stat
Rhode Island Whales - Hits : 22 - Faceoff Wins : 23 - Blocked Shots : 12 - Penalty Minutes : 14
Sarnia Sailors - Hits : 18 - Faceoff Wins : 37 - Blocked Shots : 12 - Penalty Minutes : 30
Official
Referees : Tj Luxmore and Chris Schlenker
Linesman : Bryan Pancich and Caleb Apperson
Game Notes
Zachary L'Heureux beats up Ryder Rolston at 17:31 of 2nd period
Tyson Hinds and Oskar Olausson fight to a draw at 18:23 of 2nd period
Rhode Island Whales
5 vs 5 Forward
Center Left Wing Right Wing Time % Phy DF OF
1 Frank Nazar Alex Newhook Jiri Kulich 30 1 2 2
2 Cam Lund Lukas Reichel Isak Rosen 30 1 2 2
3 Ryder Rolston Samuel Honzek Oskar Olausson 25 1 2 2
4 Frank Nazar Eduard Sale Ryder Rolston 15 1 2 2
5 vs 5 Defense
Defense Defense Time % Phy DF OF
1 Pavel Mintyukov Artyom Levshunov 30 1 2 2
2 Owen Pickering Emil Andrae 30 1 2 2
3 Kevin Korchinski Ryan O'Rourke 25 1 2 2
4 Pavel Mintyukov Artyom Levshunov 15 1 2 2
PowerPlay Forward
Center Left Wing Right Wing Time % Phy DF OF
1 Frank Nazar Alex Newhook Jiri Kulich 50 1 2 2
2 Cam Lund Lukas Reichel Isak Rosen 50 1 2 2
PowerPlay Defense
Defense Defense Time % Phy DF OF
1 Pavel Mintyukov Artyom Levshunov 50 1 2 2
2 Owen Pickering Emil Andrae 50 1 2 2
Penalty Kill 4 Players Forward
Center Wing Time % Phy DF OF
1 Frank Nazar Alex Newhook 50 1 2 2
2 Jiri Kulich Isak Rosen 50 1 2 2
Penalty Kill 4 Players Defense
Defense Defense Time % Phy DF OF
1 Pavel Mintyukov Artyom Levshunov 50 1 2 2
2 Owen Pickering Emil Andrae 50 1 2 2
Penalty Kill - 3 Players Forward
Forward Time % Phy DF OF
1 Frank Nazar 50 1 2 2
2 Alex Newhook 50 1 2 2
Penalty Kill - 3 Players Defense
Defense Defense Time % Phy DF OF
1 Pavel Mintyukov Artyom Levshunov 50 1 2 2
2 Owen Pickering Emil Andrae 50 1 2 2
4 vs 4 Forward
Center Wing Time % Phy DF OF
1 Frank Nazar Alex Newhook 50 1 2 2
2 Jiri Kulich Isak Rosen 50 1 2 2
4 vs 4 Defense
Defense Defense Time % Phy DF OF
1 Pavel Mintyukov Artyom Levshunov 50 1 2 2
2 Owen Pickering Emil Andrae 50 1 2 2
Last Minutes Offensive
Center Left Wing Right Wing Defense Defense
Frank Nazar Alex Newhook Jiri Kulich Pavel Mintyukov Artyom Levshunov
Last Minutes Defensive
Center Left Wing Right Wing Defense Defense
Frank Nazar Alex Newhook Jiri Kulich Pavel Mintyukov Artyom Levshunov
Goaltenders
Starting : Cameron Whitehead
Backup : Unknown Goalie
Extra Forwards
Normal : Luke Tuch, Cross Hanas, Oskar Olausson - PP : Luke Tuch, Cross Hanas - PK : Oskar Olausson
Extra Defensemen
Normal : Kevin Korchinski, Ryan O'Rourke, Owen Pickering - PP : Kevin Korchinski - PK : Ryan O'Rourke, Owen Pickering
Penalty Shots
Frank Nazar, Alex Newhook, Jiri Kulich, Isak Rosen, Lukas Reichel
Scratches
Calle Odelius (Healthy), Mitchell Weeks (Healthy)
Sarnia Sailors
5 vs 5 Forward
Center Left Wing Right Wing Time % Phy DF OF
1 Brad Lambert Nate Danielson Arthur Kaliyev 40 2 1 2
2 Rory Kerins Zachary L'Heureux Jesse Puljujarvi 30 2 1 2
3 Logan Morrison Skyler Brind'Amour Landon Slaggert 20 1 2 2
4 Nathan Gaucher Tristen Nielsen Cole Reinhardt 10 2 1 2
5 vs 5 Defense
Defense Defense Time % Phy DF OF
1 Nikolas Matinpalo Declan Chisholm 40 1 2 2
2 Tyson Hinds Adam Ginning 30 2 1 2
3 Jack Rathbone Jeremie Poirier 20 2 2 1
4 Tyson Hinds Declan Chisholm 10 1 2 2
PowerPlay Forward
Center Left Wing Right Wing Time % Phy DF OF
1 Brad Lambert Nate Danielson Arthur Kaliyev 60 0 1 4
2 Rory Kerins Zachary L'Heureux Jesse Puljujarvi 40 0 1 4
PowerPlay Defense
Defense Defense Time % Phy DF OF
1 Nikolas Matinpalo Declan Chisholm 60 1 1 3
2 Tyson Hinds Adam Ginning 40 2 1 2
Penalty Kill 4 Players Forward
Center Wing Time % Phy DF OF
1 Rory Kerins Skyler Brind'Amour 60 2 2 1
2 Logan Morrison Landon Slaggert 40 2 2 1
Penalty Kill 4 Players Defense
Defense Defense Time % Phy DF OF
1 Nikolas Matinpalo Declan Chisholm 60 2 1 2
2 Tyson Hinds Adam Ginning 40 2 2 1
Penalty Kill - 3 Players Forward
Forward Time % Phy DF OF
1 Rory Kerins 60 2 2 1
2 Zachary L'Heureux 40 2 2 1
Penalty Kill - 3 Players Defense
Defense Defense Time % Phy DF OF
1 Nikolas Matinpalo Declan Chisholm 60 2 1 2
2 Tyson Hinds Adam Ginning 40 2 2 1
4 vs 4 Forward
Center Wing Time % Phy DF OF
1 Brad Lambert Nate Danielson 60 2 1 2
2 Rory Kerins Zachary L'Heureux 40 2 1 2
4 vs 4 Defense
Defense Defense Time % Phy DF OF
1 Nikolas Matinpalo Declan Chisholm 60 1 2 2
2 Tyson Hinds Adam Ginning 40 2 1 2
Last Minutes Offensive
Center Left Wing Right Wing Defense Defense
Brad Lambert Zachary L'Heureux Arthur Kaliyev Nikolas Matinpalo Declan Chisholm
Last Minutes Defensive
Center Left Wing Right Wing Defense Defense
Brad Lambert Zachary L'Heureux Arthur Kaliyev Nikolas Matinpalo Declan Chisholm
Goaltenders
Starting : Sebastian Cossa
Backup : Remi Poirier
Extra Forwards
Normal : Logan Morrison, Landon Slaggert, Cole Reinhardt - PP : Nathan Gaucher, Tristen Nielsen - PK : Logan Morrison
Extra Defensemen
Normal : Jack Rathbone, Jeremie Poirier, Tyson Hinds - PP : Jack Rathbone - PK : Jack Rathbone, Jeremie Poirier
Penalty Shots
Brad Lambert, Nate Danielson, Arthur Kaliyev, Jesse Puljujarvi, Rory Kerins
Scratches
Samuel Walker (Healthy), Tyler Boucher (Healthy), Lucas Edmonds (Healthy), Jordan Dumais (Healthy), Ethan Edwards (Healthy)
Dylan Ferguson (Healthy)
% Time on Ice - Rhode Island Whales
Lines # - Real PCT - Wanted PCT - Time Play
Normal Forward
1 - 29% - 30% - 14:59
2 - 32% - 30% - 16:07
3 - 25% - 25% - 12:42
4 - 14% - 15% - 7:17
Normal Defense
1 - 29% - 30% - 15:00
2 - 31% - 30% - 16:04
3 - 27% - 25% - 13:50
4 - 12% - 15% - 6:11
PP Forward
1 - 48% - 50% - 3:17
2 - 52% - 50% - 3:36
PP Defense
1 - 54% - 50% - 3:41
2 - 46% - 50% - 3:12
PK Forward
1 - 53% - 50% - 0:16
2 - 47% - 50% - 0:14
PK Defense
1 - 27% - 50% - 0:08
2 - 73% - 50% - 0:22
PK3 Forward
1 - 0% - 50%
2 - 0% - 50%
PK3 Defense
1 - 0% - 50%
2 - 0% - 50%
44 Forward
1 - 48% - 50% - 0:44
2 - 52% - 50% - 0:48
44 Defense
1 - 49% - 50% - 0:45
2 - 51% - 50% - 0:47
Last Minute Offensive - 0:00
Last Minute Defensive - 0:00
Total
Forward - 60:00
Defense - 60:00
|
% Time on Ice - Sarnia Sailors
Lines # - Real PCT - Wanted PCT - Time Play
Normal Forward
1 - 35% - 40% - 17:39
2 - 29% - 30% - 15:01
3 - 22% - 20% - 10:59
4 - 15% - 10% - 7:26
Normal Defense
1 - 38% - 40% - 19:20
2 - 32% - 30% - 16:12
3 - 19% - 20% - 9:41
4 - 11% - 10% - 5:52
PP Forward
1 - 27% - 60% - 0:08
2 - 73% - 40% - 0:22
PP Defense
1 - 27% - 60% - 0:08
2 - 73% - 40% - 0:22
PK Forward
1 - 84% - 60% - 5:46
2 - 16% - 40% - 1:07
PK Defense
1 - 55% - 60% - 3:47
2 - 45% - 40% - 3:06
PK3 Forward
1 - 0% - 60%
2 - 0% - 40%
PK3 Defense
1 - 0% - 60%
2 - 0% - 40%
44 Forward
1 - 73% - 60% - 1:07
2 - 27% - 40% - 0:25
44 Defense
1 - 100% - 60% - 1:32
2 - 0% - 40% - 0:00
Last Minute Offensive - 0:00
Last Minute Defensive - 0:00
Total
Forward - 60:00
Defense - 60:00
|
Play-by-Play
1st period
0:01 of 1st period - Brad Lambert wins face-off versus Frank Nazar in neutral zone.
0:06 of 1st period - Snap shot by Arthur Kaliyev.
0:06 of 1st period - Shot Blocked by Artyom Levshunov.
0:53 of 1st period - Snap shot by Landon Slaggert.
0:53 of 1st period - Stopped by Cameron Whitehead with a rebound.
2:11 of 1st period - Backhand shot by Jesse Puljujarvi.
2:11 of 1st period - Goal by Jesse Puljujarvi - Rhode Island Whales : 0 - Sarnia Sailors : 1.
2:12 of 1st period - Brad Lambert wins face-off versus Frank Nazar in neutral zone.
2:37 of 1st period - Lukas Reichel is hit by Zachary L'Heureux.
3:04 of 1st period - Tyson Hinds is hit by Alex Newhook and loses puck.
3:27 of 1st period - Wrist shot by Logan Morrison.
3:27 of 1st period - Shot Misses the Net.
3:43 of 1st period - Brad Lambert is hit by Cam Lund and loses puck.
3:56 of 1st period - Ryan O'Rourke is hit by Rory Kerins and loses puck.
5:15 of 1st period - Slapshot by Nikolas Matinpalo.
5:15 of 1st period - Stopped by Cameron Whitehead without a rebound.
5:16 of 1st period - Arthur Kaliyev wins face-off versus Cam Lund in Rhode Island Whales zone.
5:53 of 1st period - Frank Nazar is hit by Zachary L'Heureux and loses puck.
6:23 of 1st period - Cam Lund is hit by Tyson Hinds.
6:39 of 1st period - Ryder Rolston is hit by Nate Danielson and loses puck.
7:02 of 1st period - Owen Pickering is hit by Jesse Puljujarvi and loses puck.
7:31 of 1st period - Landon Slaggert is hit by Oskar Olausson and loses puck.
8:06 of 1st period - Brad Lambert is hit by Alex Newhook and loses puck.
9:10 of 1st period - Wrist shot by Arthur Kaliyev.
9:10 of 1st period - Stopped by Cameron Whitehead with a rebound.
10:32 of 1st period - Wrist shot by Tristen Nielsen.
10:32 of 1st period - Shot Blocked by Frank Nazar.
10:34 of 1st period - Slapshot by Cole Reinhardt.
10:34 of 1st period - Shot Blocked by Jiri Kulich.
10:54 of 1st period - Frank Nazar is hit by Brad Lambert and loses puck.
11:05 of 1st period - Wrist shot by Alex Newhook.
11:05 of 1st period - Shot Misses the Net.
11:21 of 1st period - Slapshot by Frank Nazar.
11:21 of 1st period - Stopped by Sebastian Cossa with a rebound.
11:23 of 1st period - Wrist shot by Jiri Kulich.
11:23 of 1st period - Stopped by Sebastian Cossa with a rebound.
11:25 of 1st period - Slapshot by Jiri Kulich.
11:25 of 1st period - Stopped by Sebastian Cossa without a rebound.
11:26 of 1st period - Zachary L'Heureux wins face-off versus Ryder Rolston in Sarnia Sailors zone.
11:26 of 1st period - Zachary L'Heureux is hit by Artyom Levshunov.
11:36 of 1st period - Snap shot by Ryder Rolston.
11:36 of 1st period - Stopped by Sebastian Cossa with a rebound.
11:57 of 1st period - Icing by Skyler Brind'Amour.
11:58 of 1st period - Cam Lund wins face-off versus Logan Morrison in Sarnia Sailors zone.
12:23 of 1st period - Snap shot by Landon Slaggert.
12:23 of 1st period - Stopped by Cameron Whitehead with a rebound.
12:25 of 1st period - Wrist shot by Logan Morrison.
12:25 of 1st period - Shot Blocked by Emil Andrae.
12:27 of 1st period - Snap shot by Tyson Hinds.
12:27 of 1st period - Shot Blocked by Cam Lund.
12:29 of 1st period - Slapshot by Declan Chisholm.
12:29 of 1st period - Shot Blocked by Cam Lund.
12:31 of 1st period - Snap shot by Landon Slaggert.
12:31 of 1st period - Shot Misses the Net.
12:33 of 1st period - Slapshot by Declan Chisholm.
12:33 of 1st period - Shot Misses the Net.
12:35 of 1st period - Wrist shot by Logan Morrison.
12:35 of 1st period - Stopped by Cameron Whitehead without a rebound.
12:36 of 1st period - Ryder Rolston wins face-off versus Brad Lambert in Rhode Island Whales zone.
12:50 of 1st period - Wrist shot by Brad Lambert.
12:50 of 1st period - Stopped by Cameron Whitehead with a rebound.
13:14 of 1st period - Wrist shot by Rory Kerins.
13:14 of 1st period - Shot Blocked by Alex Newhook.
13:45 of 1st period - Minor Penalty to Nikolas Matinpalo for Roughing.
13:46 of 1st period - Rory Kerins wins face-off versus Frank Nazar in Sarnia Sailors zone.
13:46 of 1st period - Rory Kerins is hit by Alex Newhook.
14:12 of 1st period - Minor Penalty to Emil Andrae for Holding.
14:13 of 1st period - Brad Lambert wins face-off versus Frank Nazar in Rhode Island Whales zone.
14:24 of 1st period - Wrist shot by Frank Nazar.
14:24 of 1st period - Shot Blocked by Nate Danielson.
14:26 of 1st period - Snap shot by Alex Newhook.
14:26 of 1st period - Shot Blocked by Declan Chisholm.
14:50 of 1st period - Rory Kerins is hit by Owen Pickering and loses puck.
14:59 of 1st period - Slapshot by Rory Kerins.
14:59 of 1st period - Goal by Rory Kerins - Rhode Island Whales : 0 - Sarnia Sailors : 2.
15:00 of 1st period - Brad Lambert wins face-off versus Jiri Kulich in neutral zone.
15:45 of 1st period - Penalty to Nikolas Matinpalo is over, Nikolas Matinpalo is back on ice.
15:47 of 1st period - Slapshot by Nate Danielson.
15:47 of 1st period - Shot Misses the Net.
15:49 of 1st period - Snap shot by Brad Lambert.
15:49 of 1st period - Stopped by Cameron Whitehead without a rebound.
15:50 of 1st period - Rory Kerins wins face-off versus Jiri Kulich in Rhode Island Whales zone.
15:55 of 1st period - Wrist shot by Rory Kerins.
15:55 of 1st period - Stopped by Cameron Whitehead without a rebound.
15:56 of 1st period - Rory Kerins wins face-off versus Frank Nazar in Rhode Island Whales zone.
16:09 of 1st period - Snap shot by Zachary L'Heureux.
16:09 of 1st period - Stopped by Cameron Whitehead with a rebound.
16:12 of 1st period - Penalty to Emil Andrae is over, Emil Andrae is back on ice.
16:27 of 1st period - Snap shot by Arthur Kaliyev.
16:27 of 1st period - Shot Misses the Net.
16:31 of 1st period - Wrist shot by Brad Lambert.
16:31 of 1st period - Shot Hit the Post.
17:07 of 1st period - Snap shot by Frank Nazar.
17:07 of 1st period - Stopped by Sebastian Cossa with a rebound.
17:51 of 1st period - Slapshot by Skyler Brind'Amour.
17:51 of 1st period - Shot Misses the Net.
18:09 of 1st period - Nathan Gaucher is hit by Cam Lund and loses puck.
18:43 of 1st period - Zachary L'Heureux is hit by Lukas Reichel and loses puck.
19:26 of 1st period - Oskar Olausson is hit by Landon Slaggert and loses puck.
Goals for this period are 0 for Rhode Island Whales vs 2 for Sarnia Sailors.
Shots for this period are 5 for Rhode Island Whales vs 11 for Sarnia Sailors.
2nd period
0:01 of 2nd period - Frank Nazar wins face-off versus Brad Lambert in neutral zone.
0:04 of 2nd period - Snap shot by Ryder Rolston.
0:04 of 2nd period - Shot Blocked by Arthur Kaliyev.
0:14 of 2nd period - Pavel Mintyukov is hit by Nate Danielson and loses puck.
0:27 of 2nd period - Artyom Levshunov is hit by Jesse Puljujarvi and loses puck.
0:49 of 2nd period - Off-side.
0:50 of 2nd period - Frank Nazar wins face-off versus Nate Danielson in neutral zone.
1:22 of 2nd period - Wrist shot by Rory Kerins.
1:22 of 2nd period - Shot Misses the Net.
1:24 of 2nd period - Wrist shot by Rory Kerins.
1:24 of 2nd period - Goal by Rory Kerins - Rhode Island Whales : 0 - Sarnia Sailors : 3.
1:25 of 2nd period - Brad Lambert wins face-off versus Frank Nazar in neutral zone.
1:30 of 2nd period - Snap shot by Arthur Kaliyev.
1:30 of 2nd period - Deflect By Frank Nazar.
1:30 of 2nd period - Stopped by Cameron Whitehead without a rebound.
1:31 of 2nd period - Frank Nazar wins face-off versus Brad Lambert in Rhode Island Whales zone.
1:33 of 2nd period - Minor Penalty to Artyom Levshunov for Roughing.
1:34 of 2nd period - Brad Lambert wins face-off versus Jiri Kulich in Rhode Island Whales zone.
1:36 of 2nd period - Slapshot by Arthur Kaliyev.
1:36 of 2nd period - Goal by Arthur Kaliyev - Rhode Island Whales : 0 - Sarnia Sailors : 4.
1:37 of 2nd period - Brad Lambert wins face-off versus Frank Nazar in neutral zone.
1:40 of 2nd period - Wrist shot by Arthur Kaliyev.
1:40 of 2nd period - Stopped by Cameron Whitehead with a rebound.
1:46 of 2nd period - Snap shot by Frank Nazar.
1:46 of 2nd period - Shot Blocked by Tyson Hinds.
1:48 of 2nd period - Backhand shot by Ryder Rolston.
1:48 of 2nd period - Goal by Ryder Rolston - Rhode Island Whales : 1 - Sarnia Sailors : 4.
1:49 of 2nd period - Frank Nazar wins face-off versus Brad Lambert in neutral zone.
1:52 of 2nd period - Backhand shot by Ryder Rolston.
1:52 of 2nd period - Shot Blocked by Arthur Kaliyev.
1:54 of 2nd period - Slapshot by Artyom Levshunov.
1:54 of 2nd period - Deflect By Arthur Kaliyev.
1:54 of 2nd period - Stopped by Sebastian Cossa with a rebound.
1:56 of 2nd period - Wrist shot by Frank Nazar.
1:56 of 2nd period - Stopped by Sebastian Cossa with a rebound.
1:58 of 2nd period - Wrist shot by Frank Nazar.
1:58 of 2nd period - Shot Misses the Net.
2:00 of 2nd period - Snap shot by Ryder Rolston.
2:00 of 2nd period - Stopped by Sebastian Cossa with a rebound.
2:02 of 2nd period - Slapshot by Artyom Levshunov.
2:02 of 2nd period - Stopped by Sebastian Cossa with a rebound.
2:04 of 2nd period - Snap shot by Eduard Sale.
2:04 of 2nd period - Shot Misses the Net.
2:14 of 2nd period - Zachary L'Heureux is hit by Isak Rosen and loses puck.
2:21 of 2nd period - Wrist shot by Jesse Puljujarvi.
2:21 of 2nd period - Stopped by Cameron Whitehead without a rebound.
2:22 of 2nd period - Rory Kerins wins face-off versus Frank Nazar in Rhode Island Whales zone.
2:57 of 2nd period - Snap shot by Brad Lambert.
2:57 of 2nd period - Shot Misses the Net.
2:59 of 2nd period - Slapshot by Nikolas Matinpalo.
2:59 of 2nd period - Stopped by Cameron Whitehead without a rebound.
3:00 of 2nd period - Frank Nazar wins face-off versus Logan Morrison in Rhode Island Whales zone.
3:34 of 2nd period - Slapshot by Ryder Rolston.
3:34 of 2nd period - Shot Misses the Net.
3:36 of 2nd period - Slapshot by Artyom Levshunov.
3:36 of 2nd period - Shot Blocked by Brad Lambert.
3:38 of 2nd period - Wrist shot by Oskar Olausson.
3:38 of 2nd period - Shot Misses the Net.
3:54 of 2nd period - Snap shot by Jesse Puljujarvi.
3:54 of 2nd period - Shot Blocked by Isak Rosen.
3:56 of 2nd period - Snap shot by Jesse Puljujarvi.
3:56 of 2nd period - Goal by Jesse Puljujarvi - Rhode Island Whales : 1 - Sarnia Sailors : 5.
3:57 of 2nd period - Frank Nazar wins face-off versus Brad Lambert in neutral zone.
4:13 of 2nd period - Snap shot by Frank Nazar.
4:13 of 2nd period - Shot Misses the Net.
4:29 of 2nd period - Icing by Cam Lund.
4:30 of 2nd period - Cam Lund wins face-off versus Rory Kerins in Rhode Island Whales zone.
4:37 of 2nd period - Lukas Reichel is hit by Zachary L'Heureux and loses puck.
4:42 of 2nd period - Snap shot by Jesse Puljujarvi.
4:42 of 2nd period - Stopped by Cameron Whitehead without a rebound.
4:43 of 2nd period - Nate Danielson wins face-off versus Frank Nazar in Rhode Island Whales zone.
4:44 of 2nd period - Snap shot by Brad Lambert.
4:44 of 2nd period - Shot Blocked by Frank Nazar.
4:50 of 2nd period - Snap shot by Jiri Kulich.
4:50 of 2nd period - Stopped by Sebastian Cossa without a rebound.
4:51 of 2nd period - Frank Nazar wins face-off versus Brad Lambert in Sarnia Sailors zone.
5:00 of 2nd period - Jiri Kulich is hit by Adam Ginning and loses puck.
5:07 of 2nd period - Slapshot by Nate Danielson.
5:07 of 2nd period - Shot Misses the Net.
6:00 of 2nd period - Snap shot by Alex Newhook.
6:00 of 2nd period - Stopped by Sebastian Cossa with a rebound.
6:02 of 2nd period - Backhand shot by Frank Nazar.
6:02 of 2nd period - Shot Misses the Net.
6:04 of 2nd period - Snap shot by Alex Newhook.
6:04 of 2nd period - Stopped by Sebastian Cossa without a rebound.
6:05 of 2nd period - Rory Kerins wins face-off versus Ryder Rolston in Sarnia Sailors zone.
6:05 of 2nd period - Rory Kerins is hit by Samuel Honzek.
6:16 of 2nd period - Snap shot by Jesse Puljujarvi.
6:16 of 2nd period - Stopped by Cameron Whitehead with a rebound.
6:18 of 2nd period - Slapshot by Rory Kerins.
6:18 of 2nd period - Shot Hit the Post.
9:49 of 2nd period - Alex Newhook is hit by Nathan Gaucher.
10:07 of 2nd period - Wrist shot by Jesse Puljujarvi.
10:07 of 2nd period - Shot Misses the Net.
10:32 of 2nd period - Kevin Korchinski is hit by Skyler Brind'Amour.
10:38 of 2nd period - Landon Slaggert is hit by Samuel Honzek.
12:06 of 2nd period - Declan Chisholm is hit by Pavel Mintyukov and loses puck.
12:13 of 2nd period - Jack Rathbone is hit by Jiri Kulich and loses puck.
12:28 of 2nd period - Icing by Artyom Levshunov.
12:29 of 2nd period - Ryder Rolston wins face-off versus Brad Lambert in Rhode Island Whales zone.
12:41 of 2nd period - Off-side.
12:42 of 2nd period - Cam Lund wins face-off versus Nathan Gaucher in neutral zone.
12:45 of 2nd period - Slapshot by Emil Andrae.
12:45 of 2nd period - Stopped by Sebastian Cossa without a rebound.
12:46 of 2nd period - Nathan Gaucher wins face-off versus Frank Nazar in Sarnia Sailors zone.
12:46 of 2nd period - Nathan Gaucher is hit by Frank Nazar.
12:49 of 2nd period - Declan Chisholm is hit by Jiri Kulich and loses puck.
13:02 of 2nd period - Wrist shot by Frank Nazar.
13:02 of 2nd period - Deflect By Jiri Kulich.
13:02 of 2nd period - Stopped by Sebastian Cossa with a rebound.
13:22 of 2nd period - Wrist shot by Samuel Honzek.
13:22 of 2nd period - Shot Blocked by Declan Chisholm.
13:36 of 2nd period - Backhand shot by Lukas Reichel.
13:36 of 2nd period - Stopped by Sebastian Cossa with a rebound.
13:38 of 2nd period - Slapshot by Pavel Mintyukov.
13:38 of 2nd period - Stopped by Sebastian Cossa with a rebound.
13:40 of 2nd period - Snap shot by Isak Rosen.
13:40 of 2nd period - Stopped by Sebastian Cossa with a rebound.
13:42 of 2nd period - Slapshot by Pavel Mintyukov.
13:42 of 2nd period - Stopped by Sebastian Cossa without a rebound.
13:43 of 2nd period - Frank Nazar wins face-off versus Brad Lambert in Sarnia Sailors zone.
13:44 of 2nd period - Wrist shot by Alex Newhook.
13:44 of 2nd period - Shot Blocked by Nate Danielson.
14:15 of 2nd period - Snap shot by Oskar Olausson.
14:15 of 2nd period - Shot Misses the Net.
14:17 of 2nd period - Wrist shot by Ryder Rolston.
14:17 of 2nd period - Shot Misses the Net.
14:19 of 2nd period - Slapshot by Ryder Rolston.
14:19 of 2nd period - Shot Blocked by Declan Chisholm.
14:21 of 2nd period - Slapshot by Pavel Mintyukov.
14:21 of 2nd period - Stopped by Sebastian Cossa with a rebound.
15:35 of 2nd period - Jack Rathbone is hit by Frank Nazar.
16:09 of 2nd period - Alex Newhook is hit by Declan Chisholm and loses puck.
16:43 of 2nd period - Icing by Emil Andrae.
16:44 of 2nd period - Logan Morrison wins face-off versus Frank Nazar in Rhode Island Whales zone.
16:47 of 2nd period - Wrist shot by Landon Slaggert.
16:47 of 2nd period - Shot Misses the Net.
16:53 of 2nd period - Wrist shot by Arthur Kaliyev.
16:53 of 2nd period - Stopped by Cameron Whitehead with a rebound.
16:55 of 2nd period - Slapshot by Adam Ginning.
16:55 of 2nd period - Stopped by Cameron Whitehead without a rebound.
16:56 of 2nd period - Brad Lambert wins face-off versus Cam Lund in Rhode Island Whales zone.
17:31 of 2nd period - Zachary L'Heureux beats up Ryder Rolston.
17:31 of 2nd period - Penalty to Zachary L'Heureux for Fighting.
17:31 of 2nd period - Penalty to Ryder Rolston for Fighting.
17:32 of 2nd period - Frank Nazar wins face-off versus Brad Lambert in Sarnia Sailors zone.
17:43 of 2nd period - Declan Chisholm is hit by Frank Nazar and loses puck.
17:58 of 2nd period - Jesse Puljujarvi is hit by Isak Rosen.
18:23 of 2nd period - Tyson Hinds and Oskar Olausson fight to a draw.
18:23 of 2nd period - Penalty to Tyson Hinds for Fighting.
18:23 of 2nd period - Penalty to Oskar Olausson for Fighting.
18:23 of 2nd period - Penalty to Tyson Hinds for instigated a fight.
18:23 of 2nd period - Penalty to Tyson Hinds for instigated a fight.
18:24 of 2nd period - Rory Kerins wins face-off versus Cam Lund in Sarnia Sailors zone.
18:32 of 2nd period - Off-side.
18:33 of 2nd period - Rory Kerins wins face-off versus Cam Lund in neutral zone.
18:36 of 2nd period - Slapshot by Declan Chisholm.
18:36 of 2nd period - Shot Blocked by Artyom Levshunov.
18:52 of 2nd period - Snap shot by Isak Rosen.
18:52 of 2nd period - Goal by Isak Rosen - Rhode Island Whales : 2 - Sarnia Sailors : 5.
18:53 of 2nd period - Brad Lambert wins face-off versus Eduard Sale in neutral zone.
19:20 of 2nd period - Jesse Puljujarvi is hit by Artyom Levshunov and loses puck.
19:27 of 2nd period - Snap shot by Lukas Reichel.
19:27 of 2nd period - Deflect By Cam Lund.
19:27 of 2nd period - Stopped by Sebastian Cossa without a rebound.
19:28 of 2nd period - Frank Nazar wins face-off versus Brad Lambert in Sarnia Sailors zone.
19:29 of 2nd period - Slapshot by Alex Newhook.
19:29 of 2nd period - Goal by Alex Newhook - Rhode Island Whales : 3 - Sarnia Sailors : 5.
19:30 of 2nd period - Brad Lambert wins face-off versus Frank Nazar in neutral zone.
19:45 of 2nd period - Snap shot by Alex Newhook.
19:45 of 2nd period - Stopped by Sebastian Cossa with a rebound.
Goals for this period are 3 for Rhode Island Whales vs 3 for Sarnia Sailors.
Shots for this period are 19 for Rhode Island Whales vs 11 for Sarnia Sailors.
3rd period
0:01 of 3rd period - Brad Lambert wins face-off versus Frank Nazar in neutral zone.
0:03 of 3rd period - Minor Penalty to Nate Danielson for Interference.
0:04 of 3rd period - Frank Nazar wins face-off versus Rory Kerins in Sarnia Sailors zone.
2:02 of 3rd period - Icing by Pavel Mintyukov.
2:03 of 3rd period - Penalty to Nate Danielson is over, Nate Danielson is back on ice.
2:03 of 3rd period - Brad Lambert wins face-off versus Frank Nazar in Rhode Island Whales zone.
2:12 of 3rd period - Wrist shot by Brad Lambert.
2:12 of 3rd period - Shot Misses the Net.
2:14 of 3rd period - Wrist shot by Brad Lambert.
2:14 of 3rd period - Shot Blocked by Artyom Levshunov.
3:22 of 3rd period - Wrist shot by Nathan Gaucher.
3:22 of 3rd period - Stopped by Cameron Whitehead with a rebound.
3:24 of 3rd period - Slapshot by Declan Chisholm.
3:24 of 3rd period - Stopped by Cameron Whitehead without a rebound.
3:25 of 3rd period - Brad Lambert wins face-off versus Frank Nazar in Rhode Island Whales zone.
3:40 of 3rd period - Wrist shot by Lukas Reichel.
3:40 of 3rd period - Stopped by Sebastian Cossa with a rebound.
3:44 of 3rd period - Wrist shot by Cam Lund.
3:44 of 3rd period - Stopped by Sebastian Cossa without a rebound.
3:45 of 3rd period - Rory Kerins wins face-off versus Cam Lund in Sarnia Sailors zone.
3:51 of 3rd period - Slapshot by Adam Ginning.
3:51 of 3rd period - Shot Blocked by Pavel Mintyukov.
3:53 of 3rd period - Slapshot by Jeremie Poirier.
3:53 of 3rd period - Stopped by Cameron Whitehead without a rebound.
3:54 of 3rd period - Brad Lambert wins face-off versus Cam Lund in Rhode Island Whales zone.
4:00 of 3rd period - Off-side.
4:01 of 3rd period - Brad Lambert wins face-off versus Frank Nazar in neutral zone.
4:04 of 3rd period - Snap shot by Nate Danielson.
4:04 of 3rd period - Shot Misses the Net.
4:27 of 3rd period - Alex Newhook is hit by Skyler Brind'Amour and loses puck.
4:36 of 3rd period - Slapshot by Frank Nazar.
4:36 of 3rd period - Goal by Frank Nazar - Rhode Island Whales : 4 - Sarnia Sailors : 5.
4:37 of 3rd period - Cam Lund wins face-off versus Brad Lambert in neutral zone.
4:42 of 3rd period - Snap shot by Cam Lund.
4:42 of 3rd period - Deflect By Isak Rosen.
4:42 of 3rd period - Shot Misses the Net.
4:42 of 3rd period - Puck is out of play.
4:43 of 3rd period - Cam Lund wins face-off versus Brad Lambert in Sarnia Sailors zone.
4:58 of 3rd period - Wrist shot by Nate Danielson.
4:58 of 3rd period - Stopped by Cameron Whitehead with a rebound.
5:30 of 3rd period - Snap shot by Samuel Honzek.
5:30 of 3rd period - Deflect By Declan Chisholm.
5:30 of 3rd period - Shot Misses the Net.
5:30 of 3rd period - Puck is out of play.
5:31 of 3rd period - Samuel Honzek wins face-off versus Brad Lambert in Sarnia Sailors zone.
5:42 of 3rd period - Snap shot by Brad Lambert.
5:42 of 3rd period - Stopped by Cameron Whitehead with a rebound.
6:20 of 3rd period - Wrist shot by Lukas Reichel.
6:20 of 3rd period - Shot Hit the Post.
6:22 of 3rd period - Slapshot by Ryan O'Rourke.
6:22 of 3rd period - Shot Blocked by Jesse Puljujarvi.
6:24 of 3rd period - Snap shot by Lukas Reichel.
6:24 of 3rd period - Stopped by Sebastian Cossa with a rebound.
6:26 of 3rd period - Slapshot by Kevin Korchinski.
6:26 of 3rd period - Deflect By Isak Rosen.
6:26 of 3rd period - Stopped by Sebastian Cossa with a rebound.
6:36 of 3rd period - Snap shot by Ryder Rolston.
6:36 of 3rd period - Shot Blocked by Zachary L'Heureux.
6:55 of 3rd period - Wrist shot by Jesse Puljujarvi.
6:55 of 3rd period - Stopped by Cameron Whitehead without a rebound.
6:56 of 3rd period - Frank Nazar wins face-off versus Brad Lambert in Rhode Island Whales zone.
9:29 of 3rd period - Off-side.
9:30 of 3rd period - Ryder Rolston wins face-off versus Logan Morrison in neutral zone.
10:28 of 3rd period - Slapshot by Jack Rathbone.
10:28 of 3rd period - Stopped by Cameron Whitehead without a rebound.
10:29 of 3rd period - Rory Kerins wins face-off versus Isak Rosen in Rhode Island Whales zone.
10:32 of 3rd period - Wrist shot by Zachary L'Heureux.
10:32 of 3rd period - Stopped by Cameron Whitehead without a rebound.
10:33 of 3rd period - Rory Kerins wins face-off versus Cam Lund in Rhode Island Whales zone.
11:07 of 3rd period - Off-side.
11:08 of 3rd period - Frank Nazar wins face-off versus Brad Lambert in neutral zone.
11:19 of 3rd period - Slapshot by Jack Rathbone.
11:19 of 3rd period - Stopped by Cameron Whitehead without a rebound.
11:20 of 3rd period - Brad Lambert wins face-off versus Frank Nazar in Rhode Island Whales zone.
11:21 of 3rd period - Slapshot by Arthur Kaliyev.
11:21 of 3rd period - Stopped by Cameron Whitehead with a rebound.
11:23 of 3rd period - Snap shot by Brad Lambert.
11:23 of 3rd period - Goal by Brad Lambert - Rhode Island Whales : 4 - Sarnia Sailors : 6.
11:24 of 3rd period - Brad Lambert wins face-off versus Frank Nazar in neutral zone.
12:15 of 3rd period - Icing by Emil Andrae.
12:16 of 3rd period - Rory Kerins wins face-off versus Eduard Sale in Rhode Island Whales zone.
12:31 of 3rd period - Wrist shot by Arthur Kaliyev.
12:31 of 3rd period - Shot Misses the Net.
12:53 of 3rd period - Wrist shot by Cam Lund.
12:53 of 3rd period - Shot Misses the Net.
13:23 of 3rd period - 10 Minutes Misconduct Penalty to Tyson Hinds is over.
13:23 of 3rd period - Lukas Reichel is hit by Declan Chisholm and loses puck.
14:28 of 3rd period - Minor Penalty to Jeremie Poirier for Hooking.
14:29 of 3rd period - Rory Kerins wins face-off versus Cam Lund in Sarnia Sailors zone.
15:03 of 3rd period - Rory Kerins is hit by Alex Newhook and loses puck.
16:07 of 3rd period - Alex Newhook is hit by Cole Reinhardt and loses puck.
16:28 of 3rd period - Penalty to Jeremie Poirier is over, Jeremie Poirier is back on ice.
16:46 of 3rd period - Jack Rathbone is hit by Ryder Rolston and loses puck.
17:41 of 3rd period - Minor Penalty to Nate Danielson for Hooking.
17:42 of 3rd period - Frank Nazar wins face-off versus Rory Kerins in Sarnia Sailors zone.
17:43 of 3rd period - Snap shot by Alex Newhook.
17:43 of 3rd period - Shot Misses the Net.
17:53 of 3rd period - Snap shot by Skyler Brind'Amour.
17:53 of 3rd period - Stopped by Cameron Whitehead with a rebound.
18:09 of 3rd period - Snap shot by Cam Lund.
18:09 of 3rd period - Stopped by Sebastian Cossa without a rebound.
18:10 of 3rd period - Rory Kerins wins face-off versus Frank Nazar in Sarnia Sailors zone.
18:21 of 3rd period - Slapshot by Lukas Reichel.
18:21 of 3rd period - Stopped by Sebastian Cossa with a rebound.
18:23 of 3rd period - Snap shot by Owen Pickering.
18:23 of 3rd period - Deflect By Lukas Reichel.
18:23 of 3rd period - Shot Blocked by Adam Ginning.
18:23 of 3rd period - Puck is out of play.
18:24 of 3rd period - Logan Morrison wins face-off versus Cam Lund in Sarnia Sailors zone.
19:41 of 3rd period - Penalty to Nate Danielson is over, Nate Danielson is back on ice.
19:49 of 3rd period - Icing by Jesse Puljujarvi.
19:50 of 3rd period - Zachary L'Heureux wins face-off versus Frank Nazar in Sarnia Sailors zone.
Goals for this period are 1 for Rhode Island Whales vs 1 for Sarnia Sailors.
Shots for this period are 7 for Rhode Island Whales vs 12 for Sarnia Sailors.
Back to the Top